 Dungeon Crawl Stone Soup version 0.24-a0-616-ge2a249a6fd (webtiles) character file.

Game seed: 14292878211136869597, levelgen mode: deterministic

488 DasRunzen the Covered (level 6, -3/56 HPs)
             Began as a Minotaur Fighter on Sept 14, 2019.
             Killed by nerve-wracking pain
             ... invoked by a shadow imp
             ... summoned by Eustachio
              (13 damage)
             ... on level 5 of the Dungeon.
             The game lasted 00:07:02 (3813 turns).

DasRunzen the Covered (Minotaur Fighter)            Turns: 3813, Time: 00:07:03

Health: -3/56      AC: 15    Str: 21    XL:     6   Next: 90%
Magic:  5/5        EV:  7    Int:  5    God:
Gold:   194        SH: 10    Dex: 11    Spells: 5/5 levels left

rFire    + . .     SeeInvis .   a - +1 war axe
rCold    . . .     Gourm    .   c - +0 shield
rNeg     . . .     Faith    .   b - +0 scale mail
rPois    +         Spirit   .   (helmet restricted)
rElec    .         Reflect  .   w - +2 cloak {rPois}
rCorr    .         Harm     .   i - +2 pair of gloves
MR       .....                  m - +0 pair of boots
Stlth    ..........             (no amulet)
HPRegen  0.18/turn              h - ring of protection from fire
MPRegen  0.09/turn              o - ring of wizardry

@: no status effects
A: retaliatory headbutt, horns 2
a: no special abilities


You were on level 5 of the Dungeon.
You were not hungry.

You visited 1 branch of the dungeon, and saw 5 of its levels.

You collected 194 gold pieces.

Inventory:

Hand Weapons
 a - a +1 war axe (weapon)
Armour
 b - a +0 scale mail (worn)
 c - a +0 shield (worn)
 i - a +2 pair of gloves (worn)
 m - a +0 pair of boots (worn)
 w - a +2 cloak of poison resistance (worn)
Jewellery
 h - a ring of protection from fire (left hand)
 o - a ring of wizardry (right hand)
Wands
 q - a wand of iceblast (8)
 s - a wand of enslavement (10)
Scrolls
 e - 4 scrolls of identify
 n - 4 scrolls of remove curse
Potions
 d - a potion of might
 g - 4 potions of curing
 j - a potion of agility
 k - a potion of invisibility
 l - a potion of ambrosia
 p - a potion of magic {unknown}
 r - a potion of heal wounds {unknown}
 t - a potion of haste {unknown}
 v - a potion of cancellation {unknown}
Comestibles
 f - 8 rations


   Skills:
 + Level 5.6 Fighting
 + Level 4.8 Axes
 + Level 5.7 Armour
 + Level 5.6 Shields


You had 5 spell levels left.
You didn't know any spells.
Your spell library was empty.

Dungeon Overview and Level Annotations

Branches:
Dungeon (5/15)
 Temple: D:4-7

Altars:
Hepliaklqana
Trog
Yredelemnul

Annotations:
D:5 Eustachio


Innate Abilities, Weirdness & Mutations

You reflexively headbutt those who attack you in melee.
You have a pair of horns on your head.


Message History

You hit Eustachio. You headbutt Eustachio.
Eustachio is lightly wounded.
You hit the ufetubus. x2
You kill the ufetubus!
The crimson imp blinks!
The ufetubus hits you.
* * * LOW HITPOINT WARNING * * *
The ufetubus hits you but does no damage.
Eustachio casts a spell.
You slash Eustachio! Your headbutt misses Eustachio.
Eustachio is moderately wounded.
You hit the shadow imp. You miss the ufetubus. The ufetubus hits you.
* * * LOW HITPOINT WARNING * * *
The ufetubus barely misses you.
Eustachio gestures wildly while chanting.
Eustachio blinks!
The ufetubus hits you but does no damage.
You block the ufetubus's attack. The shadow imp gestures at you.
Pain shoots through your body!
You die...

..... ...# ...# ...
#. #5. #...###.# ..
#.5.ยง5###...#
#@5......
#######5######.
##.....#)).>.##
##.............#
##..........@......
#..............!...
#..............$...
#.....>............
#............$.....


You could see Eustachio, a crimson imp, a white imp, 2 shadow imps and an
ufetubus.

Vanquished Creatures
  A water moccasin (D:5)
  A phantom (D:4)
  A howler monkey (D:4)
  An orc priest (D:5)
  Crazy Yiuf (D:4)
  A centaur skeleton (D:4)
  A worker ant (D:5)
  3 gnolls (D:3)
  3 adders
  2 oozes
  2 dart slugs
  2 leopard geckos
  14 orcs
  3 ball pythons
  2 giant cockroaches (D:1)
  12 goblins
  7 hobgoblins
  3 quokkas (D:2)
  3 bats
  5 frilled lizards
  5 kobolds
  3 rats
76 creatures vanquished.

Notes
Turn   | Place    | Note
-------+----------+-------------------------------------------
     0 | D:1      | DasRunzen the Minotaur Fighter began the quest for the Orb.
     0 | D:1      | Reached XP level 1. HP: 19/19 MP: 0/0
   221 | D:1      | Reached XP level 2. HP: 26/27 MP: 1/1
   811 | D:2      | Reached XP level 3. HP: 33/33 MP: 2/2
  1471 | D:2      | Reached XP level 4. HP: 40/40 MP: 3/3
  1695 | D:2      | Found a bloodstained altar of Trog.
  2023 | D:3      | Found a hazy altar of Hepliaklqana.
  2210 | D:3      | Found a basalt altar of Yredelemnul.
  2558 | D:4      | Reached XP level 5. HP: 47/47 MP: 4/4
  2559 | D:4      | Noticed a phantom
  2587 | D:4      | Killed a phantom
  2587 | D:4      | Reached skill level 5 in Fighting
  2587 | D:4      | Reached skill level 5 in Armour
  2587 | D:4      | Reached skill level 5 in Shields
  2623 | D:4      | Reached XP level 6. HP: 56/56 MP: 5/5
  2932 | D:4      | Found a runed translucent door.
  2933 | D:4      | Noticed Crazy Yiuf
  3311 | D:4      | Killed Crazy Yiuf
  3647 | D:5      | Entered Level 5 of the Dungeon
  3664 | D:5      | Noticed a water moccasin
  3681 | D:5      | HP: 1/56 [poisoned by a water moccasin]
  3686 | D:5      | Killed a water moccasin
  3801 | D:5      | Noticed Eustachio
  3813 | D:5      | Killed from afar by a shadow imp

Levels and vault maps discovered:
D:1:      ncdulo_wetmaze, layout_loops_corners, hangedman_decor_clover_reticule,
          minmay_misc_feat_rows
D:2:      minmay_inner_zag, layout_basic, nicolae_overflow_hidden_temple
D:3:      layout_rooms, lemuel_crystal_altar, lemuel_coloured_pillars_altar
D:4:      layout_loops_ring, first_ration, uniq_crazy_yiuf_cottage
D:5:      layout_rooms, uniq_sigmund, uniq_eustachio

Skill      XL: |  1  2  3  4  5 |
---------------+----------------+-----
Shields        | 4 5 |  5.6
Fighting       | 4 5 |  5.6
Armour         | 4 5 |  5.7
Axes           | 3 4 |  4.8

Action                   |  1- 3 |  4- 6 || total
-------------------------+-------+-------++-------
Melee: War axe           |    74 |   136 ||   210
       Headbutt          |     9 |    20 ||    29
       Unarmed           |       |    10 ||    10
  Use: Scroll            |     4 |     8 ||    12
       Potion            |       |     1 ||     1
  Eat: Chunk             |     1 |     8 ||     9
Armor: Scale mail        |    21 |    69 ||    90
Dodge: Dodged            |    26 |    40 ||    66
Block: Shield            |    25 |    72 ||    97
       Buckler           |     2 |       ||     2

Table legend:
 A = Non-vault XP
 B = Vault XP
 C = Vault XP percentage of total XP
 D = Non-vault monster count
 E = Vault monster count
 F = Vault count percentage of total count
                 A         B        C        D         E       F
            +---------+---------+-------+---------+---------+-------
      Total |     653 |      45 |   6.4 |      71 |       5 |   6.6
            +---------+---------+-------+---------+---------+-------
        D:1 |      40 |       0 |   0.0 |      19 |       0 |   0.0
        D:2 |      64 |       5 |   7.2 |      18 |       4 |  18.2
        D:3 |      84 |       0 |   0.0 |      20 |       0 |   0.0
        D:4 |     225 |      40 |  15.1 |       7 |       1 |  12.5
        D:5 |     240 |       0 |   0.0 |       7 |       0 |   0.0
            +---------+---------+-------+---------+---------+-------
